 Dungeon Crawl Stone Soup version 0.29-a0-911-g88e6f02907 (webtiles) character file.

Game seed: 1472284940985720240

715 leavemydog the Chopper (level 7, -12/61 HPs)
             Began as a Minotaur Fighter on July 25, 2022.
             Was a Follower of Okawaru.
             Mangled by a gargoyle
             ... wielding a +0 mace
              (17 damage)
             ... on level 6 of the Dungeon.
             The game lasted 00:09:03 (5678 turns).

leavemydog the Chopper (Minotaur Fighter)           Turns: 5678, Time: 00:09:04

Health: -12/61     AC: 10    Str: 20    XL:     7   Next: 41%
Magic:  0/6        EV:  9    Int:  7    God:    Okawaru [*.....]
Gold:   235        SH:  4    Dex: 10    Spells: 6/6 levels left

rFire   . . .      SeeInvis .   p - +3 hand axe
rCold   . . .      Faith    .   c - +0 buckler
rNeg    . . .      Spirit   +   b - +0 scale mail
rPois   .          Reflect  .   (helmet restricted)
rElec   .          Harm     .   k - +0 cloak
rCorr   .          Rampage  .   r - +0 pair of gloves
Will    .....                   (no boots)
Stlth   ..........              n - amulet of guardian spirit
HPRegen 0.20/turn               (no ring)
MPRegen 0.10/turn               (no ring)

@: hasted, very quick
A: horns 2, retaliatory headbutt
a: Renounce Religion, Heroism


You were on level 6 of the Dungeon.
You worshipped Okawaru.
Okawaru was aware of your devotion.
You visited 2 branches of the dungeon, and saw 7 of its levels.

You collected 235 gold pieces.

Inventory:

Hand Weapons
 p - a +3 hand axe (weapon)
Armour
 b - a +0 scale mail (worn)
 c - a +0 buckler (worn)
 k - a +0 cloak (worn)
 r - a +0 pair of gloves (worn)
Jewellery
 n - an amulet of guardian spirit (around neck)
Wands
 u - a wand of paralysis (6)
Scrolls
 e - a scroll of summoning
 f - 2 scrolls of noise {unknown}
 g - 3 scrolls of enchant armour
 h - a scroll of immolation {unknown}
 i - 2 scrolls of vulnerability
 j - a scroll of magic mapping {unknown}
 l - a scroll of amnesia {unknown}
 m - a scroll of acquirement {unknown}
 q - 2 scrolls of teleportation {unknown}
 s - 2 scrolls of enchant weapon {unknown}
 v - a scroll of identify
 w - a scroll of brand weapon {unknown}
Potions
 a - a potion of magic {unknown}
 d - a potion of might
 o - a potion of haste
 t - a potion of invisibility {unknown}
 x - a potion of lignification {unknown}


   Skills:
 + Level 5.0 Fighting
 * Level 7.8 Axes
 + Level 5.9 Armour
 + Level 4.5 Shields


You had 6 spell levels left.
You didn't know any spells.
Your spell library contained the following spells:

 Spells                   Type           Power      Damage    Failure   Level
 Foxfire                  Conj/Fire      0%         2x1d4     85%         1
 Blink                    Tloc           0%         N/A       94%         2
 Conjure Flame            Conj/Fire      0%         6-21      99%         3
 Inner Flame              Hex/Fire       0%         N/A       99%         3
 Flame Wave               Conj/Fire      0%         2d4       100%        4
 Ice Form                 Ice/Tmut       0%         N/A       100%        4
 Iskenderun's Mystic Bla  Conj/Tloc      0%         2d3       100%        4
 Manifold Assault         Tloc           0%         N/A       100%        5


Dungeon Overview and Level Annotations

Branches:
Dungeon (6/15)             Temple (1/1) D:4

Altars:
Ashenzari
Cheibriados
Dithmenos
Elyvilon
Fedhas
Hepliaklqana
Kikubaaqudgha
Nemelex Xobeh
Okawaru
Qazlal
Ru
Sif Muna
Trog
Uskayaw
Yredelemnul
Zin
The Shining One

Shops:
D:2 *


Innate Abilities, Weirdness & Mutations

You have a pair of horns on your head.
You reflexively headbutt those who attack you in melee.


Message History

Okawaru accepts your kill.
Your base Fighting skill increases to level 5!
The gargoyle hurls a stone arrow at you.
The stone arrow hits you but does no damage.
Found a ring mail.
The gargoyle hurls a stone arrow at you.
You block the stone arrow. The gargoyle hits you with a +0 mace.
You hit the gargoyle but do no damage. You hit the gargoyle but do no damage.
The gargoyle hurls a stone arrow at you.
The stone arrow hits you!
You barely miss the gargoyle. The gargoyle barely misses you.
You barely miss the gargoyle. Your headbutt misses the gargoyle.
You block the gargoyle's attack.
You hit the gargoyle but do no damage. You hit the gargoyle but do no damage.
Your headbutt misses the gargoyle.
You feel like a meek peon again. The gargoyle hits you with a +0 mace!!
You are too injured to fight recklessly!
You are too injured to fight recklessly!
You are too injured to fight recklessly!
You barely miss the gargoyle.
You headbutt the gargoyle, but do no damage.
The gargoyle hits you with a +0 mace!
You hit the gargoyle.
The gargoyle is lightly damaged.
The gargoyle barely misses you. You furiously retaliate!
You headbutt the gargoyle, but do no damage.
You hit the gargoyle. You headbutt the gargoyle.
The gargoyle is moderately damaged.
The gargoyle barely misses you.
You barely miss the gargoyle.
You headbutt the gargoyle, but do no damage.
The gargoyle is moderately damaged.
The gargoyle hurls a stone arrow at you.
The stone arrow hits you!
* * * LOW HITPOINT WARNING * * *
You feel yourself speed up. The gargoyle hits you with a +0 mace!!
You die...

#.#.
#[..###
.......
.......
.......
.......##
.....#9.##
.......@.#
.........#
.........#
........<#
....>....#
.........#
.........#
.........#
.........#


You could see a gargoyle.

Vanquished Creatures
  Menkaure (D:6)
  A black bear (D:5)
  A scorpion (D:5)
  Crazy Yiuf (D:3)
  A hound (D:4)
  4 orc priests
  3 orc wizards
  7 adders
  A shadow imp (D:5)
  2 ufetubi (D:5)
  2 dart slugs
  21 orcs
  9 bats
  6 endoplasms
  A giant cockroach (D:3)
  9 goblins
  5 hobgoblins
  13 kobolds
  5 quokkas (D:1)
  5 ball pythons
  2 frilled lizards (D:1)
  7 rats
107 creatures vanquished.

Vanquished Creatures (others)
  2 fungi (D:1)
2 creatures vanquished.

Grand Total: 109 creatures vanquished

Notes
Turn   | Place    | Note
-------+----------+-------------------------------------------
     0 | D:1      | leavemydog the Minotaur Fighter began the quest for the
                  | Orb.
     0 | D:1      | Reached XP level 1. HP: 19/19 MP: 0/0
    40 | D:1      | Found a faded altar of an unknown god.
   170 | D:1      | Reached XP level 2. HP: 27/27 MP: 1/1
   247 | D:1      | Reached skill level 3 in Axes
   540 | D:1      | Reached XP level 3. HP: 31/33 MP: 2/2
  1217 | D:2      | Found Geochot's General Store.
  1323 | D:2      | Reached skill level 4 in Axes
  1514 | D:2      | Reached XP level 4. HP: 40/40 MP: 3/3
  2128 | D:3      | Reached XP level 5. HP: 20/46 MP: 4/4
  2334 | D:3      | Reached skill level 5 in Axes
  2402 | D:3      | Got the Compendium of Dislocation and Cold
  2920 | D:3      | Found a runed translucent door.
  2921 | D:3      | Noticed Crazy Yiuf
  3096 | D:3      | Paralysed by Crazy Yiuf for 5 turns
  3101 | D:3      | Killed Crazy Yiuf
  3390 | D:4      | HP: 2/47 [poisoned by a goblin]
  4084 | D:4      | Reached skill level 6 in Axes
  4131 | D:4      | Found a staircase to the Ecumenical Temple.
  4152 | D:4      | Found a blossoming altar of Fedhas.
  4169 | Temple   | Entered the Ecumenical Temple
  4264 | Temple   | Became a worshipper of Warmaster Okawaru
  4326 | D:4      | Reached XP level 6. HP: 53/53 MP: 5/5
  4572 | D:4      | Found a hazy altar of Hepliaklqana.
  4585 | D:4      | Found a white marble altar of Elyvilon.
  4672 | D:4      | Reached skill level 5 in Armour
  4914 | D:5      | Entered Level 5 of the Dungeon
  5167 | D:5      | Reached skill level 7 in Axes
  5167 | D:5      | Reached XP level 7. HP: 38/60 MP: 4/6
  5198 | D:5      | Reached * piety under Okawaru
  5659 | D:6      | Noticed Menkaure
  5661 | D:6      | Noticed a gargoyle
  5664 | D:6      | Killed Menkaure
  5665 | D:6      | Reached skill level 5 in Fighting
  5678 | D:6      | Mangled by a gargoyle

Illustrated notes

Levels and vault maps discovered:
D:1:      dpeg_arrival_pits, layout_loops_ring,
          shapermc_ecumenical_altar_mp_urbaneastern
D:2:      layout_basic, serial_shops, shop_statue
D:3:      layout_basic, minmay_distorted, uniq_crazy_yiuf_cottage
D:4:      layout_basic, mainiacjoe_overflow_surrounded_room,
          mainiacjoe_overflow_catwalk_spiral, temple_doors_e
D:5:      layout_basic
D:6:      layout_rooms, ebering_ghost_xom, portal_sewer_entry_e,
          supply_closet_lemuel, chequers_serial_rivers_micro_a,
          kennysheep_cluttered_room, grunt_decor_one_mirror, uniq_menkaure,
          uniq_maggie
Temple:   compressed_dpeg_circular_temple

Skill      XL: |  1  2  3  4  5  6  7 |
---------------+----------------------+-----
Axes           | 3 4 6 7 |  7.8
Fighting       | 4 5 |  5.0
Armour         | 4 5 |  5.9
Shields        | 4 |  4.5

Action                   |  1- 3 |  4- 6 |  7- 9 || total
-------------------------+-------+-------+-------++-------
Melee: War axe           |    94 |    23 |       ||   117
       Headbutt          |    16 |    13 |     7 ||    36
       Hand axe          |       |   134 |    28 ||   162
Invok: Heroism           |       |       |     1 ||     1
  Use: Scroll            |       |     5 |       ||     5
       Potion            |       |       |     1 ||     1
Armor: Scale mail        |    42 |    84 |    11 ||   137
Dodge: Dodged            |    51 |    59 |    13 ||   123
Block: Buckler           |    16 |    40 |     3 ||    59

Table legend: (Time is in decaauts)
 A = Elapsed time spent in this place.
 B = Non-inter-level travel time spent in this place.
 C = Inter-level travel time spent in this place.
 D = Time resting spent in this place.
 E = Time spent auto-exploring this place.
 F = Levels seen in this place.
 G = Mean time per level.
                   A        B        C        D        E       F      G
               +--------+--------+--------+--------+--------+-----+--------+
         Total |   5734 |   5618 |    116 |   1002 |   3860 |   7 |  819.1 |
       Dungeon |   5624 |   5522 |    102 |   1002 |   3796 |   6 |  937.3 |
        Temple |    109 |     95 |     14 |      0 |     64 |   1 |  109.0 |
               +--------+--------+--------+--------+--------+-----+--------+

Top non-repeatable levels by time:
     D:4: 1458 daAuts
     D:3: 1253 daAuts
     D:2: 1124 daAuts
     D:1: 1028 daAuts
     D:5: 745 daAuts
  Temple: 109 daAuts
     D:6: 15 daAuts
